 Dungeon Crawl Stone Soup version 0.20-a0-277-g7db01f4 (webtiles) character file.

1228 kuniqs the Destroyer (level 8, -2/52 HPs)
             Began as a Mummy Conjurer on Dec 13, 2016.
             Slain by an ogre
             ... wielding a cursed -2 giant club
              (26 damage)
             ... on level 5 of the Dungeon on Dec 17, 2016.
             The game lasted 00:18:48 (6053 turns).

kuniqs the Destroyer (Mummy Conjurer)               Turns: 6053, Time: 00:18:49

Health: -2/52      AC:  5    Str: 11    XL:     8   Next: 23%
Magic:  3/20       EV: 12    Int: 17    God:
Gold:   11         SH:  0    Dex: 12    Spells: 4/11 levels left

rFire  x . .     SeeInvis .     m - +2 falchion (protect)
rCold  + . .     Gourm    .     a - +0 robe
rNeg   + + +     Faith    .     (no shield)
rPois  ∞         Spirit   .     k - +0 helmet
rElec  .         Reflect  .     u - +0 cloak
rCorr  .         Harm     .     (no gloves)
MR     +....                    (no boots)
Stlth  ++........               (no amulet)
                                j - ring of magical power
                                d - +1 ring of protection

@: no status effects
A: no food or potions, fire vulnerability, cold resistance 1, negative energy
resistance 3, torment resistance, unbreathing
a: no special abilities


You were on level 5 of the Dungeon.
You were not hungry.

You visited 1 branch of the dungeon, and saw 6 of its levels.

You collected 11 gold pieces.

Inventory:

Hand Weapons
 m - a +2 falchion of protection (weapon)
Missiles
 s - 4 tomahawks (quivered)
Armour
 a - a +0 robe (worn)
 k - a +0 helmet (worn)
 u - a +0 cloak (worn)
Jewellery
 d - a +1 ring of protection (left hand)
 j - a ring of magical power (right hand)
 o - a cursed ring of protection from fire {unknown}
 p - an uncursed ring of poison resistance {unknown}
 r - an uncursed ring of wizardry {unknown}
Wands
 e - a wand of acid (6/15)
 f - a wand of lightning (5/15)
 n - a wand of flame (31/48)
 t - a wand of hasting (5/9)
Scrolls
 c - 2 scrolls of fear
 g - a scroll of magic mapping
 h - a scroll of fog
 i - a scroll of immolation
 l - a scroll of teleportation
 v - a scroll of amnesia {unknown}
 w - 2 scrolls of remove curse {unknown}
 x - a scroll of random uselessness {unknown}
 y - a scroll of enchant armour {unknown}
Books
 b - a book of Conjurations

   Spells                             Type                      Level
   a - Magic Dart                     Conjuration                  1
   b - Searing Ray                    Conjuration                  2
   c - Dazzling Spray                 Conjuration/Hexes            3
   d - Fulminant Prism                Conjuration/Hexes            4
   e - Iskenderun's Mystic Blast      Conjuration                  4
   f - Iskenderun's Battlesphere      Conjuration/Charms           5
 q - a book of Cantrips

   Spells                             Type                      Level
   a - Confusing Touch                Hexes                        1
   b - Animate Skeleton               Necromancy                   1
   c - Summon Small Mammal            Summoning                    1
   d - Apportation                    Translocation                1


   Skills:
 - Level 1.5 Dodging
 - Level 1.5 Stealth
 - Level 2.0 Spellcasting
 + Level 9.0 Conjurations


You had 4 spell levels left.
You knew the following spells:

 Your Spells              Type           Power        Failure   Level  Hunger
a - Magic Dart            Conj           ####         1%          1    N/A
b - Searing Ray           Conj           ####..       1%          2    N/A
c - Dazzling Spray        Conj/Hex       ###...       10%         3    N/A
d - Animate Skeleton      Necr           N/A          21%         1    N/A

Dungeon Overview and Level Annotations

Branches:
Dungeon (6/15)
 Temple: D:4-7

Altars:
Cheibriados
Dithmenos
The Shining One

Shops:
D:4 (   D:5 [

Annotations:
D:3 DEFE's ghost, amateur DEFi; Sigmund
D:5 exclusion: downstairs


Innate Abilities, Weirdness & Mutations

You do not eat or drink.
Your flesh is vulnerable to fire.
You are immune to poison.
Your flesh is cold resistant. (rC+)
You are immune to negative energy. (rN+++)
You are immune to unholy pain and torment.
You can survive without breathing.


Message History

The searing ray hits the adder skeleton.
You destroy the adder skeleton!
The searing ray hits the ogre. x2; You finish channeling your searing ray.
The ogre barely misses you.
You riposte.
You hit the ogre but do no damage.
Your weapon exudes an aura of protection.
Things that are here:
a battleaxe; a robe; the orc corpse of Blork the orc
Aim: an ogre, wielding a giant club (severely wounded)
The searing ray hits the ogre.
The ogre hits you with a giant club!
The searing ray hits the ogre.
You kill the ogre!
Your Conjurations skill increases to level 9!
You see here 10 gold pieces.
You hear a mighty clap of thunder!
The bolt of lightning hits the ogre. x2
Evoking this partially-identified wand wasted a few charges.
You hear a shout!
The ogre hits you with a giant club!!
Ouch! That really hurt!
You die...

..%###...#.# ##...## #..# ####
##.##.###.....# #..# ..#
#.##.........# +. # #.#
#.######.....# #### #.# ##+##
##...## ##.##. #.# ##...## ##.##
#..##% #.###.....######.####
#.##.. #.##.......#...O....#
##.##.#
..#..........###@...#######......
).'....$......)....).............
###..........###....#####........
# ##.......#.# #....# ##......# #
##.....##.# ###..# ##...### #
##...###.# #..# ##.## #######'##
#.#####..# #.# #.<....[.#
#........# #.# #.###....#
#######.## #..


You could see an ogre.

Vanquished Creatures
  A sky beast (D:5)
  4 ogres
  A phantom (D:4)
  A centaur (D:5)
  Blork the orc (D:5)
  A scorpion (D:5)
  A crimson imp (D:5)
  A centaur skeleton (D:5)
  4 orc wizards (D:4)
  3 orc priests
  An iguana (D:5)
  2 worker ants
  6 adders
  An ooze (D:3)
  2 adder skeletons
  4 worms
  4 dart slugs
  3 leopard geckos
  20 orcs
  2 ball pythons (D:1)
  5 giant cockroaches
  5 goblins
  9 hobgoblins
  2 quokkas
  4 bats
  2 frilled lizards
  13 kobolds
  5 rats
108 creatures vanquished.

Notes
Turn   | Place    | Note
-------+----------+-------------------------------------------
     0 | D:1      | kuniqs the Mummy Conjurer began the quest for the Orb.
     0 | D:1      | Reached XP level 1. HP: 13/13 MP: 3/3
   393 | D:1      | Reached XP level 2. HP: 19/19 MP: 0/5
   498 | D:1      | Learned a level 2 spell: Searing Ray
   990 | D:1      | Reached skill level 4 in Conjurations
  1340 | D:2      | Reached XP level 3. HP: 24/24 MP: 1/6
  1466 | D:2      | Learned a level 3 spell: Dazzling Spray
  2032 | D:2      | Found a glowing golden altar of the Shining One.
  2192 | D:2      | Reached XP level 4. HP: 26/30 MP: 7/7
  3077 | D:4      | Learned a level 1 spell: Animate Skeleton
  3245 | D:4      | Found Vuup's Antique Weapon Boutique.
  3256 | D:4      | Noticed a phantom
  3274 | D:4      | Reached skill level 5 in Conjurations
  3406 | D:3      | Noticed DEFE's ghost (amateur DEFi)
  3425 | D:3      | Found a snail-covered altar of Cheibriados.
  3467 | D:3      | Reached XP level 5. HP: 34/35 MP: 8/8
  3954 | D:3      | Noticed Sigmund
  4083 | D:4      | Killed a phantom
  4083 | D:4      | Reached skill level 6 in Conjurations
  4083 | D:4      | Reached XP level 6. HP: 36/41 MP: 2/9
  4217 | D:5      | Entered Level 5 of the Dungeon
  4744 | D:4      | Reached skill level 7 in Conjurations
  4910 | D:5      | Reached XP level 7. HP: 46/46 MP: 10/10
  5310 | D:5      | Reached skill level 8 in Conjurations
  5425 | D:5      | Found a shadowy altar of Dithmenos.
  5439 | D:5      | Found Oquff's Antique Armour Emporium.
  5835 | D:5      | Noticed Blork the orc
  5854 | D:5      | Killed Blork the orc
  5854 | D:5      | Reached XP level 8. HP: 51/52 MP: 11/11
  6047 | D:5      | Reached skill level 9 in Conjurations
  6053 | D:5      | Slain by an ogre

Vault maps used:
D:1:      mrwooster_arrival_statue_2
D:2:      cheibrodos_helix_gallery, tso_metal_star, serial_co_window_serial,
          co_window_corner_a, co_window_paths_a, co_window_corner_a,
          co_window_paths_a, co_window_paths_a, co_window_paths_c,
          co_window_of_opportunity_b, co_window_of_opportunity_b,
          co_window_corner_b, co_window_cross_4, co_window_of_opportunity_c,
          co_window_paths_d, glass_columns_a, glass_columns_b, glass_columns_b,
          glass_columns_c
D:3:      bloody_trog, kennysheep_slug_shrine, kennysheep_generic_room_7,
          uniq_iyjb, uniq_terence, uniq_sigmund, uniq_natasha
D:4:      kennysheep_big_flooded_room, first_bread, serial_shops, shop,
          nicolae_ossuary_entry_ruins
D:5:      kennysheep_windowed_halls, nicolae_ru_path_of_blood, serial_shops,
          nicolae_shop_behind_doors, basic_altar, uniq_blork_the_orc
D:6:      amethyst_overflow_temple_binary, basic_altar, serial_shops,
          nicolae_shop_overgrown_old_shop

Skill      XL: |  1  2  3  4  5  6  7  8 |
---------------+-------------------------+-----
Conjurations   | 4 5 6 7 8 9 |  9.0
Dodging        | |  1.5
Stealth        | |  1.5
Spellcasting   | |  2.0

Action                   |  1- 3 |  4- 6 |  7- 9 || total
-------------------------+-------+-------+-------++-------
Melee: Spear             |    14 |       |       ||    14
       Rapier            |     3 |     3 |       ||     6
       Falchion          |       |       |     6 ||     6
 Cast: Magic Dart        |    53 |    48 |    23 ||   124
       Searing Ray       |    10 |    31 |    18 ||    59
       Dazzling Spray    |       |     1 |     6 ||     7
Evoke: Wand              |       |       |     2 ||     2
  Use: Scroll            |       |     7 |       ||     7
Armor: Robe              |     5 |     7 |     9 ||    21
Dodge: Dodged            |    20 |    25 |    13 ||    58
       Rpst.: Falchion   |       |     2 |     5 ||     7
